cohdb
Replays
Latest Replays
All Replays
Popular Replays
Top Player Replays
Match Explorer
How It Works
Community
CoH3 Stats
Reddit
Sign in to upload your games and track your stats! →
Sign in with Steam
Match 24711977
Unlisted
Match 24711977
Overview
Messages
Build Orders
End
Selects Italian Combined Arms Battlegroup
Selects Bersaglieri Squad
Bersaglieri Squad
250 Light Carrier
Bersaglieri Squad
Construct Light Support Kompanie
MG34 Team
2.5-tonne Medical Truck
Fire Support Elements
Bersaglieri Squad
Pak 38 Mechanized Group
Veteran Squad Leaders
Bersaglieri Squad
Selects Semovente da 75/18 Assault Gun
Selects Bersaglieri Bolster
Semovente da 75/18 Assault Gun
Selects Breda Model 30 Light Machine Guns
Panzerpioneer Squad
Construct Panzerarmee Kommand
Bersaglieri Squad
Selects Strafing Run
Walking Stuka Rocket Launcher
Selects Artillery Cover
Flak 36 Anti-tank Gun Team
Armored Reserves
DreamyCreamy
jim dangle
drekirsab.selfcare
Han andre
Answer
Serial Chiller
0
0
Comments
sign in to comment!
No comments posted yet!